Devils vs Lightning
Created - May 6, 2020 at 20:00
Goals
|
| Devils |
0 |
2 |
1 |
3 |
| Lightning |
0 |
2 |
2 |
4 |
|
Shots
|
| Devils |
3 |
15 |
9 |
27 |
| Lightning |
1 |
9 |
15 |
25 |
|
1st period
No Goal
Penalties :
Mark Scheifele (TB.) for Holding (Minor) at 2:03
2nd period
1. Devils , Steve Montador 3 (Johnny Gaudreau 54, Riley Sheahan 27) at 11:19 (PP)
2. Lightning , Joni Pitkanen 9 (Alex Goligoski 35, Tyler Johnson 51) at 18:10
3. Lightning , Jean-Gabriel Pageau 19 (Daniel Carcillo 29, Alex Goligoski 36) at 18:44
4. Devils , Johnny Gaudreau 51 (Brent Seabrook 27, Tyler Seguin 44) at 19:03
Penalties :
Daniel Carcillo (TB.) for Slashing (Minor) at 3:12, Joni Pitkanen (TB.) for High sticking (Minor) at 10:33, Henrik Zetterberg (TB.) for Holding (Minor) at 19:23
3rd period
5. Lightning , Mark Scheifele 14 (Jon Merrill 23, Jaden Schwartz 40) at 11:05
6. Devils , Johnny Gaudreau 52 (Viktor Arvidsson 27) at 11:57
7. Lightning , Mark Scheifele 15 (Jaden Schwartz 41, Jean-Gabriel Pageau 17) at 15:22
Penalties :
Brady Skjei (NJD) for Interference (Minor) at 1:36, Marian Hossa (NJD) for Hooking (Minor) at 8:43
Goalie Stats
Keith Kinkaid (NJD), 21 saves from 25 shots - (0.840), L, 14-20-0, 59:29 minutes
Philipp Grubauer (TB.), 24 saves from 27 shots - (0.889), W, 36-20-7, 60:00 minutes
Players Stats for Devils
Player Name G A P +/- PIM S H SB GA TA FO MP PP MP PK MP
------------------------------------------------------------------------------------
Anthony Stewart 0 0 0 -2 0 1 3 1 0 0 1/2 8:07 0:00 0:00
Brady Skjei 0 0 0 0 2 0 1 1 0 0 0/0 19:21 3:57 0:00
Brandon Burlon 0 0 0 -1 0 1 0 1 0 0 0/0 12:31 0:00 0:00
Brenden Morrow 0 0 0 0 0 0 0 0 0 0 0/0 2:14 0:00 2:04
Brent Seabrook 0 1 1 1 0 0 2 2 1 2 0/0 23:53 2:46 1:59
Johnny Gaudreau 2 1 3 2 0 5 4 0 3 1 1/1 23:40 3:40 1:04
Jordan Caron 0 0 0 0 0 1 2 1 2 0 0/0 13:57 3:03 0:00
Kellan Lain 0 0 0 0 0 2 0 0 0 0 0/1 14:59 3:03 0:38
Kevin Porter 0 0 0 0 0 0 3 2 0 0 3/6 13:16 0:00 1:19
Marian Hossa 0 0 0 -2 2 0 0 1 0 0 0/0 12:27 0:00 0:00
Riley Sheahan 0 1 1 -2 0 1 0 1 2 1 5/11 18:06 3:03 2:08
Rostislav Olesz 0 0 0 -4 0 1 0 0 2 0 0/0 17:56 0:00 0:00
Steve Montador 1 0 1 -2 0 1 1 2 0 1 0/0 18:11 2:46 1:59
Tobias Enstrom 0 0 0 -1 0 0 0 1 1 0 0/0 17:53 0:00 1:59
Travis Hamonic 0 0 0 -1 0 4 0 2 0 2 0/0 28:18 3:57 1:59
Tyler Bozak 0 0 0 -2 0 4 2 0 0 0 4/4 7:36 0:00 0:00
Tyler Seguin 0 1 1 2 0 2 0 1 0 0 18/32 22:13 3:40 0:43
Viktor Arvidsson 0 1 1 2 0 4 3 0 0 0 1/1 21:22 3:40 0:00
Players Stats for Lightning
Player Name G A P +/- PIM S H SB GA TA FO MP PP MP PK MP
------------------------------------------------------------------------------------
Alex Goligoski 0 2 2 0 0 1 1 3 0 3 0/0 28:27 2:32 4:28
Ben Lovejoy 0 0 0 1 0 1 2 0 0 1 0/0 19:33 1:26 2:15
Brendan Bell 0 0 0 1 0 0 1 1 1 0 0/0 11:34 0:00 0:46
Daniel Carcillo 0 1 1 1 2 1 2 0 0 1 0/2 19:13 1:54 1:42
Henrik Zetterberg 0 0 0 -1 2 6 3 0 0 0 1/1 25:05 2:04 3:13
Jaden Schwartz 0 2 2 2 0 0 1 0 1 0 0/0 14:43 0:00 1:48
Jean-Gabriel Pageau 1 1 2 1 0 1 1 2 0 0 1/6 17:56 1:54 0:44
Jesper Fast 0 0 0 0 0 0 0 0 0 0 0/1 2:02 0:05 0:00
Jon Merrill 0 1 1 1 0 0 0 0 0 1 0/0 12:00 0:00 0:00
Joni Pitkanen 1 0 1 0 2 4 2 2 3 2 0/0 25:55 2:32 3:42
Justin Schultz 0 0 0 1 0 1 0 1 0 0 0/0 19:33 1:26 2:15
Kris Versteeg 0 0 0 -1 0 4 1 3 1 1 7/14 26:39 1:59 4:40
Mark Scheifele 2 0 2 2 2 2 1 0 0 0 2/5 13:03 0:00 0:00
Patrick Kaleta 0 0 0 1 0 2 1 0 1 1 0/0 17:15 1:54 0:00
Rasmus Ristolainen 0 0 0 0 0 0 0 0 0 0 0/0 2:57 0:00 0:00
Reilly Smith 0 0 0 2 0 1 0 0 0 0 0/0 13:00 0:00 0:00
Scottie Upshall 0 0 0 0 0 0 1 0 0 0 1/1 4:14 0:00 0:00
Tyler Johnson 0 1 1 -1 0 1 3 2 0 1 13/28 20:04 2:04 1:19
3 Stars
1 - Johnny Gaudreau (NJD)
2 - Mark Scheifele (TB.)
3 - Jean-Gabriel Pageau (TB.)
Power Play
Devils - 1 on 4 Attempt(s) - 25.00%
Lightning - 0 on 2 Attempt(s) - 0.00%
Penalty Kill
Devils - 2 on 2 Attempt(s) - 100.00%
- Score 0 goal in Penalty Kill
Lightning - 3 on 4 Attempt(s) - 75.00%
- Score 0 goal in Penalty Kill
Team Stat
Devils - Hits : 21 - Faceoff Wins : 33 - Blocked Shots : 16 - Penalty Minutes : 4
Lightning - Hits : 20 - Faceoff Wins : 25 - Blocked Shots : 14 - Penalty Minutes : 8
Official
Referees : Unknown
Linesman : Unknown
Game Notes
Tyler Johnson is injured at 19:52 of 3rd period (Right Hip)
Finance
Level 1 -- Attendance: 5011 (83.52%) -- Ticket Income $576,265
Level 2 -- Attendance: 4660 (93.20%) -- Ticket Income $298,240
Level 3 -- Attendance: 1595 (79.75%) -- Ticket Income $70,180
Level 4 -- Attendance: 2361 (59.03%) -- Ticket Income $94,440
Luxury Box -- Attendance: 663 (66.30%) -- Ticket Income $142,545
Game was played at the Tampa Bay Stadium.
Total Attendance: 14290 (79.39%)
Total Ticket Income: $1,181,670
Other Income: $177,250
Total Income: $1,358,920
Devils
5 vs 5 Forward
Center Left Wing Right Wing Time % Phy DF OF
1 Tyler Seguin Johnny Gaudreau Viktor Arvidsson 40 0 2 3
2 Riley Sheahan Rostislav Olesz Marian Hossa 30 1 2 2
3 Kevin Porter Kellan Lain Jordan Caron 20 1 2 2
4 Tyler Bozak Rostislav Olesz Anthony Stewart 10 1 2 2
5 vs 5 Defense
Defense Defense Time % Phy DF OF
1 Travis Hamonic Brent Seabrook 40 1 2 2
2 Brady Skjei Tobias Enstrom 30 1 2 2
3 Steve Montador Brandon Burlon 20 1 2 2
4 Travis Hamonic Tobias Enstrom 10 1 2 2
PowerPlay Forward
Center Left Wing Right Wing Time % Phy DF OF
1 Tyler Seguin Johnny Gaudreau Viktor Arvidsson 60 1 2 2
2 Riley Sheahan Kellan Lain Jordan Caron 40 1 2 2
PowerPlay Defense
Defense Defense Time % Phy DF OF
1 Travis Hamonic Brady Skjei 60 1 2 2
2 Brent Seabrook Steve Montador 40 1 2 2
Penalty Kill 4 Players Forward
Center Wing Time % Phy DF OF
1 Riley Sheahan Brenden Morrow 60 1 2 2
2 Kevin Porter Kellan Lain 40 1 2 2
Penalty Kill 4 Players Defense
Defense Defense Time % Phy DF OF
1 Steve Montador Travis Hamonic 60 1 2 2
2 Tobias Enstrom Brent Seabrook 40 1 2 2
Penalty Kill - 3 Players Forward
Forward Time % Phy DF OF
1 Brenden Morrow 60 1 2 2
2 Kevin Porter 40 1 2 2
Penalty Kill - 3 Players Defense
Defense Defense Time % Phy DF OF
1 Tobias Enstrom Steve Montador 60 1 2 2
2 Brandon Burlon Travis Hamonic 40 1 2 2
4 vs 4 Forward
Center Wing Time % Phy DF OF
1 Tyler Seguin Brenden Morrow 60 1 2 2
2 Riley Sheahan Viktor Arvidsson 40 1 2 2
4 vs 4 Defense
Defense Defense Time % Phy DF OF
1 Travis Hamonic Steve Montador 60 1 2 2
2 Tobias Enstrom Brady Skjei 40 1 2 2
Last Minutes Offensive
Center Left Wing Right Wing Defense Defense
Tyler Seguin Johnny Gaudreau Viktor Arvidsson Travis Hamonic Brady Skjei
Last Minutes Defensive
Center Left Wing Right Wing Defense Defense
Riley Sheahan Brenden Morrow Marian Hossa Travis Hamonic Steve Montador
Goaltenders
Starting : Keith Kinkaid
Backup : Antti Niemi
Extra Forwards
Normal : Riley Sheahan, Rostislav Olesz, Kevin Porter - PP : Brenden Morrow, Rostislav Olesz - PK : Kevin Porter
Extra Defensemen
Normal : Brady Skjei, Brandon Burlon, Brent Seabrook - PP : Brady Skjei - PK : Brandon Burlon, Tobias Enstrom
Penalty Shots
Tyler Seguin, Viktor Arvidsson, Johnny Gaudreau, Riley Sheahan, Marian Hossa
Scratches
None
Lightning
5 vs 5 Forward
Center Left Wing Right Wing Time % Phy DF OF
1 Tyler Johnson Henrik Zetterberg Kris Versteeg 40 1 2 2
2 Jean-Gabriel Pageau Daniel Carcillo Patrick Kaleta 30 1 2 2
3 Mark Scheifele Jaden Schwartz Reilly Smith 20 1 2 2
4 Kris Versteeg Henrik Zetterberg Scottie Upshall 10 1 2 2
5 vs 5 Defense
Defense Defense Time % Phy DF OF
1 Alex Goligoski Joni Pitkanen 40 1 2 2
2 Ben Lovejoy Justin Schultz 30 1 2 2
3 Jon Merrill Brendan Bell 20 1 2 2
4 Rasmus Ristolainen Alex Goligoski 10 1 2 2
PowerPlay Forward
Center Left Wing Right Wing Time % Phy DF OF
1 Tyler Johnson Henrik Zetterberg Kris Versteeg 60 1 2 2
2 Jean-Gabriel Pageau Daniel Carcillo Patrick Kaleta 40 1 2 2
PowerPlay Defense
Defense Defense Time % Phy DF OF
1 Alex Goligoski Joni Pitkanen 60 1 2 2
2 Ben Lovejoy Justin Schultz 40 1 2 2
Penalty Kill 4 Players Forward
Center Wing Time % Phy DF OF
1 Kris Versteeg Henrik Zetterberg 60 1 2 2
2 Tyler Johnson Daniel Carcillo 40 1 2 2
Penalty Kill 4 Players Defense
Defense Defense Time % Phy DF OF
1 Alex Goligoski Joni Pitkanen 60 1 2 2
2 Ben Lovejoy Justin Schultz 40 1 2 2
Penalty Kill - 3 Players Forward
Forward Time % Phy DF OF
1 Kris Versteeg 60 1 2 2
2 Henrik Zetterberg 40 1 2 2
Penalty Kill - 3 Players Defense
Defense Defense Time % Phy DF OF
1 Alex Goligoski Joni Pitkanen 60 1 2 2
2 Ben Lovejoy Justin Schultz 40 1 2 2
4 vs 4 Forward
Center Wing Time % Phy DF OF
1 Kris Versteeg Henrik Zetterberg 60 1 2 2
2 Tyler Johnson Daniel Carcillo 40 1 2 2
4 vs 4 Defense
Defense Defense Time % Phy DF OF
1 Alex Goligoski Joni Pitkanen 60 1 2 2
2 Ben Lovejoy Justin Schultz 40 1 2 2
Last Minutes Offensive
Center Left Wing Right Wing Defense Defense
Tyler Johnson Henrik Zetterberg Kris Versteeg Alex Goligoski Joni Pitkanen
Last Minutes Defensive
Center Left Wing Right Wing Defense Defense
Tyler Johnson Henrik Zetterberg Kris Versteeg Alex Goligoski Joni Pitkanen
Goaltenders
Starting : Philipp Grubauer
Backup : Jhonas Enroth
Extra Forwards
Normal : Jesper Fast, Mark Scheifele, Jaden Schwartz - PP : Jesper Fast, Mark Scheifele - PK : Jaden Schwartz
Extra Defensemen
Normal : Jon Merrill, Brendan Bell, Rasmus Ristolainen - PP : Jon Merrill - PK : Brendan Bell, Rasmus Ristolainen
Penalty Shots
Kris Versteeg, Henrik Zetterberg, Tyler Johnson, Daniel Carcillo, Jean-Gabriel Pageau
Scratches
Darren Helm (Healthy), Mikael Backlund (Healthy)
% Time on Ice - Devils
Lines # - Real PCT - Wanted PCT - Time Play
Normal Forward
1 - 36% - 40% - 17:15
2 - 26% - 30% - 12:49
3 - 22% - 20% - 10:54
4 - 16% - 10% - 7:36
Normal Defense
1 - 40% - 40% - 19:20
2 - 30% - 30% - 14:26
3 - 26% - 20% - 12:31
4 - 5% - 10% - 2:17
PP Forward
1 - 55% - 60% - 3:40
2 - 45% - 40% - 3:03
PP Defense
1 - 59% - 60% - 3:57
2 - 41% - 40% - 2:46
PK Forward
1 - 84% - 60% - 3:20
2 - 16% - 40% - 0:38
PK Defense
1 - 50% - 60% - 1:59
2 - 50% - 40% - 1:59
PK3 Forward
1 - 0% - 60%
2 - 0% - 40%
PK3 Defense
1 - 0% - 60%
2 - 0% - 40%
44 Forward
1 - 0% - 60%
2 - 0% - 40%
44 Defense
1 - 0% - 60%
2 - 0% - 40%
Last Minute Offensive - 0:45
Last Minute Defensive - 0:00
Total
Forward - 60:00
Defense - 60:00
|
% Time on Ice - Lightning
Lines # - Real PCT - Wanted PCT - Time Play
Normal Forward
1 - 32% - 40% - 15:33
2 - 32% - 30% - 15:31
3 - 27% - 20% - 12:48
4 - 9% - 10% - 4:14
Normal Defense
1 - 38% - 40% - 18:29
2 - 33% - 30% - 15:52
3 - 22% - 20% - 10:48
4 - 6% - 10% - 2:57
PP Forward
1 - 52% - 60% - 2:04
2 - 48% - 40% - 1:54
PP Defense
1 - 64% - 60% - 2:32
2 - 36% - 40% - 1:26
PK Forward
1 - 80% - 60% - 5:24
2 - 20% - 40% - 1:19
PK Defense
1 - 67% - 60% - 4:28
2 - 33% - 40% - 2:15
PK3 Forward
1 - 0% - 60%
2 - 0% - 40%
PK3 Defense
1 - 0% - 60%
2 - 0% - 40%
44 Forward
1 - 0% - 60%
2 - 0% - 40%
44 Defense
1 - 0% - 60%
2 - 0% - 40%
Last Minute Offensive - 0:00
Last Minute Defensive - 1:13
Total
Forward - 60:00
Defense - 60:00
|
Play-by-Play
1st period
0:01 of 1st period - Tyler Seguin wins face-off versus Tyler Johnson in neutral zone.
0:26 of 1st period - Riley Sheahan is hit by Jean-Gabriel Pageau.
2:03 of 1st period - Minor Penalty to Mark Scheifele for Holding.
2:04 of 1st period - Kris Versteeg wins face-off versus Tyler Seguin in Lightning zone.
2:16 of 1st period - Snap shot by Tyler Seguin.
2:16 of 1st period - Stopped by Philipp Grubauer without a rebound.
2:17 of 1st period - Kris Versteeg wins face-off versus Tyler Seguin in Lightning zone.
2:24 of 1st period - Wrist shot by Tyler Seguin.
2:24 of 1st period - Stopped by Philipp Grubauer with a rebound.
2:26 of 1st period - Snap shot by Tyler Seguin.
2:26 of 1st period - Shot Hit the Post.
2:28 of 1st period - Snap shot by Johnny Gaudreau.
2:28 of 1st period - Shot Misses the Net.
2:42 of 1st period - Brady Skjei is hit by Alex Goligoski and loses puck.
2:50 of 1st period - Slapshot by Brent Seabrook.
2:50 of 1st period - Shot Misses the Net.
2:52 of 1st period - Wrist shot by Brent Seabrook.
2:52 of 1st period - Deflect By Kellan Lain.
2:52 of 1st period - Deflect By Daniel Carcillo.
2:52 of 1st period - Stopped by Philipp Grubauer without a rebound.
2:53 of 1st period - Kris Versteeg wins face-off versus Tyler Seguin in Lightning zone.
3:00 of 1st period - Brent Seabrook is hit by Ben Lovejoy and loses puck.
3:23 of 1st period - Wrist shot by Brent Seabrook.
3:23 of 1st period - Deflect By Riley Sheahan.
3:23 of 1st period - Shot Blocked by Justin Schultz.
3:23 of 1st period - Puck is out of play.
3:24 of 1st period - Riley Sheahan wins face-off versus Tyler Johnson in Lightning zone.
3:43 of 1st period - Kris Versteeg is hit by Jordan Caron and loses puck.
4:03 of 1st period - Penalty to Mark Scheifele is over, Mark Scheifele is back on ice.
4:06 of 1st period - Snap shot by Daniel Carcillo.
4:06 of 1st period - Shot Blocked by Tyler Seguin.
4:14 of 1st period - Slapshot by Daniel Carcillo.
4:14 of 1st period - Stopped by Keith Kinkaid with a rebound.
4:16 of 1st period - Slapshot by Alex Goligoski.
4:16 of 1st period - Shot Blocked by Travis Hamonic.
4:18 of 1st period - Snap shot by Daniel Carcillo.
4:18 of 1st period - Deflect By Mark Scheifele.
4:18 of 1st period - Shot Blocked by Travis Hamonic.
4:18 of 1st period - Puck is out of play.
4:19 of 1st period - Anthony Stewart wins face-off versus Tyler Johnson in Devils zone.
4:44 of 1st period - Jaden Schwartz is hit by Viktor Arvidsson and loses puck.
5:13 of 1st period - Steve Montador is hit by Patrick Kaleta and loses puck.
8:00 of 1st period - Ben Lovejoy is hit by Tyler Bozak and loses puck.
8:11 of 1st period - Ben Lovejoy is hit by Kevin Porter and loses puck.
9:11 of 1st period - Tyler Johnson is hit by Anthony Stewart and loses puck.
12:18 of 1st period - Daniel Carcillo is hit by Anthony Stewart and loses puck.
13:01 of 1st period - Kris Versteeg is hit by Tyler Bozak and loses puck.
13:26 of 1st period - Joni Pitkanen is hit by Johnny Gaudreau and loses puck.
14:05 of 1st period - Icing by Kevin Porter.
14:06 of 1st period - Kevin Porter wins face-off versus Jean-Gabriel Pageau in Devils zone.
14:11 of 1st period - Slapshot by Jean-Gabriel Pageau.
14:11 of 1st period - Shot Misses the Net.
14:28 of 1st period - Off-side.
14:29 of 1st period - Mark Scheifele wins face-off versus Riley Sheahan in neutral zone.
15:47 of 1st period - Travis Hamonic is hit by Henrik Zetterberg and loses puck.
16:42 of 1st period - Wrist shot by Jordan Caron.
16:42 of 1st period - Shot Misses the Net.
17:10 of 1st period - Anthony Stewart is hit by Joni Pitkanen and loses puck.
17:37 of 1st period - Slapshot by Patrick Kaleta.
17:37 of 1st period - Shot Misses the Net.
17:55 of 1st period - Snap shot by Jean-Gabriel Pageau.
17:55 of 1st period - Shot Misses the Net.
18:44 of 1st period - Brendan Bell is hit by Anthony Stewart and loses puck.
Goals for this period are 0 for Devils vs 0 for Lightning .
Shots for this period are 3 for Devils vs 1 for Lightning .
2nd period
0:01 of 2nd period - Viktor Arvidsson wins face-off versus Tyler Johnson in neutral zone.
0:10 of 2nd period - Snap shot by Viktor Arvidsson.
0:10 of 2nd period - Stopped by Philipp Grubauer with a rebound.
0:51 of 2nd period - Slapshot by Travis Hamonic.
0:51 of 2nd period - Stopped by Philipp Grubauer with a rebound.
3:12 of 2nd period - Minor Penalty to Daniel Carcillo for Slashing.
3:13 of 2nd period - Kris Versteeg wins face-off versus Tyler Seguin in Lightning zone.
3:19 of 2nd period - Icing by Tyler Seguin.
3:20 of 2nd period - Tyler Seguin wins face-off versus Kris Versteeg in Devils zone.
3:49 of 2nd period - Slapshot by Kellan Lain.
3:49 of 2nd period - Deflect By Justin Schultz.
3:49 of 2nd period - Shot Misses the Net.
3:49 of 2nd period - Puck is out of play.
3:50 of 2nd period - Kris Versteeg wins face-off versus Riley Sheahan in Lightning zone.
4:53 of 2nd period - Steve Montador is hit by Ben Lovejoy and loses puck.
5:12 of 2nd period - Penalty to Daniel Carcillo is over, Daniel Carcillo is back on ice.
5:32 of 2nd period - Slapshot by Mark Scheifele.
5:32 of 2nd period - Shot Blocked by Riley Sheahan.
6:00 of 2nd period - Henrik Zetterberg is hit by Viktor Arvidsson and loses puck.
7:26 of 2nd period - Icing by Rostislav Olesz.
7:27 of 2nd period - Tyler Bozak wins face-off versus Mark Scheifele in Devils zone.
7:27 of 2nd period - Tyler Bozak is hit by Brendan Bell.
7:33 of 2nd period - Jon Merrill is hit by Johnny Gaudreau and loses puck.
7:42 of 2nd period - Wrist shot by Viktor Arvidsson.
7:42 of 2nd period - Stopped by Philipp Grubauer without a rebound.
7:43 of 2nd period - Tyler Johnson wins face-off versus Tyler Seguin in Lightning zone.
7:43 of 2nd period - Tyler Johnson is hit by Viktor Arvidsson.
7:57 of 2nd period - Wrist shot by Viktor Arvidsson.
7:57 of 2nd period - Shot Misses the Net.
8:09 of 2nd period - Slapshot by Riley Sheahan.
8:09 of 2nd period - Shot Blocked by Joni Pitkanen.
8:31 of 2nd period - Jaden Schwartz is hit by Jordan Caron and loses puck.
8:54 of 2nd period - Slapshot by Joni Pitkanen.
8:54 of 2nd period - Shot Blocked by Brady Skjei.
8:56 of 2nd period - Slapshot by Alex Goligoski.
8:56 of 2nd period - Stopped by Keith Kinkaid without a rebound.
8:57 of 2nd period - Henrik Zetterberg wins face-off versus Riley Sheahan in Devils zone.
8:58 of 2nd period - Wrist shot by Tyler Johnson.
8:58 of 2nd period - Stopped by Keith Kinkaid with a rebound.
9:47 of 2nd period - Snap shot by Kellan Lain.
9:47 of 2nd period - Shot Misses the Net.
9:55 of 2nd period - Wrist shot by Patrick Kaleta.
9:55 of 2nd period - Shot Misses the Net.
9:57 of 2nd period - Wrist shot by Daniel Carcillo.
9:57 of 2nd period - Shot Misses the Net.
10:17 of 2nd period - Wrist shot by Viktor Arvidsson.
10:17 of 2nd period - Stopped by Philipp Grubauer with a rebound.
10:25 of 2nd period - Snap shot by Henrik Zetterberg.
10:25 of 2nd period - Stopped by Keith Kinkaid without a rebound.
10:26 of 2nd period - Riley Sheahan wins face-off versus Kris Versteeg in Devils zone.
10:26 of 2nd period - Riley Sheahan is hit by Henrik Zetterberg.
10:33 of 2nd period - Minor Penalty to Joni Pitkanen for High sticking.
10:34 of 2nd period - Tyler Seguin wins face-off versus Kris Versteeg in Lightning zone.
10:34 of 2nd period - Wrist shot by Viktor Arvidsson.
10:34 of 2nd period - Stopped by Philipp Grubauer without a rebound.
10:35 of 2nd period - Kris Versteeg wins face-off versus Tyler Seguin in Lightning zone.
11:03 of 2nd period - Off-side.
11:04 of 2nd period - Kris Versteeg wins face-off versus Kellan Lain in neutral zone.
11:15 of 2nd period - Wrist shot by Johnny Gaudreau.
11:15 of 2nd period - Shot Misses the Net.
11:17 of 2nd period - Slapshot by Steve Montador.
11:17 of 2nd period - Shot Misses the Net.
11:19 of 2nd period - Slapshot by Steve Montador.
11:19 of 2nd period - Goal by Steve Montador - Devils : 1 - Lightning : 0.
11:20 of 2nd period - Tyler Johnson wins face-off versus Tyler Seguin in neutral zone.
11:33 of 2nd period - Snap shot by Tyler Johnson.
11:33 of 2nd period - Shot Misses the Net.
12:29 of 2nd period - Snap shot by Tyler Bozak.
12:29 of 2nd period - Stopped by Philipp Grubauer without a rebound.
12:30 of 2nd period - Tyler Bozak wins face-off versus Tyler Johnson in Lightning zone.
12:35 of 2nd period - Wrist shot by Anthony Stewart.
12:35 of 2nd period - Stopped by Philipp Grubauer with a rebound.
12:37 of 2nd period - Snap shot by Tyler Bozak.
12:37 of 2nd period - Stopped by Philipp Grubauer with a rebound.
12:39 of 2nd period - Slapshot by Anthony Stewart.
12:39 of 2nd period - Shot Misses the Net.
12:41 of 2nd period - Slapshot by Travis Hamonic.
12:41 of 2nd period - Stopped by Philipp Grubauer with a rebound.
12:43 of 2nd period - Slapshot by Tyler Bozak.
12:43 of 2nd period - Shot Misses the Net.
13:01 of 2nd period - Snap shot by Patrick Kaleta.
13:01 of 2nd period - Shot Blocked by Brent Seabrook.
13:03 of 2nd period - Wrist shot by Daniel Carcillo.
13:03 of 2nd period - Shot Misses the Net.
13:05 of 2nd period - Slapshot by Justin Schultz.
13:05 of 2nd period - Stopped by Keith Kinkaid with a rebound.
13:07 of 2nd period - Snap shot by Patrick Kaleta.
13:07 of 2nd period - Stopped by Keith Kinkaid with a rebound.
13:14 of 2nd period - Icing by Travis Hamonic.
13:15 of 2nd period - Tyler Seguin wins face-off versus Mark Scheifele in Devils zone.
13:15 of 2nd period - Tyler Seguin is hit by Jaden Schwartz.
13:47 of 2nd period - Tyler Johnson is hit by Kevin Porter and loses puck.
14:14 of 2nd period - Wrist shot by Daniel Carcillo.
14:14 of 2nd period - Shot Misses the Net.
14:28 of 2nd period - Snap shot by Viktor Arvidsson.
14:28 of 2nd period - Shot Misses the Net.
14:30 of 2nd period - Slapshot by Tobias Enstrom.
14:30 of 2nd period - Shot Misses the Net.
14:32 of 2nd period - Backhand shot by Viktor Arvidsson.
14:32 of 2nd period - Shot Blocked by Alex Goligoski.
14:34 of 2nd period - Wrist shot by Johnny Gaudreau.
14:34 of 2nd period - Stopped by Philipp Grubauer without a rebound.
14:35 of 2nd period - Tyler Seguin wins face-off versus Jean-Gabriel Pageau in Lightning zone.
15:30 of 2nd period - Snap shot by Jordan Caron.
15:30 of 2nd period - Stopped by Philipp Grubauer with a rebound.
15:58 of 2nd period - Snap shot by Rostislav Olesz.
15:58 of 2nd period - Shot Blocked by Tyler Johnson.
16:00 of 2nd period - Wrist shot by Rostislav Olesz.
16:00 of 2nd period - Shot Misses the Net.
16:02 of 2nd period - Wrist shot by Riley Sheahan.
16:02 of 2nd period - Shot Blocked by Kris Versteeg.
16:17 of 2nd period - Snap shot by Ben Lovejoy.
16:17 of 2nd period - Stopped by Keith Kinkaid with a rebound.
16:19 of 2nd period - Snap shot by Mark Scheifele.
16:19 of 2nd period - Deflect By Reilly Smith.
16:19 of 2nd period - Shot Blocked by Tobias Enstrom.
16:19 of 2nd period - Puck is out of play.
16:20 of 2nd period - Tyler Johnson wins face-off versus Tyler Seguin in Devils zone.
16:21 of 2nd period - Wrist shot by Henrik Zetterberg.
16:21 of 2nd period - Stopped by Keith Kinkaid without a rebound.
16:22 of 2nd period - Tyler Seguin wins face-off versus Tyler Johnson in Devils zone.
16:29 of 2nd period - Wrist shot by Viktor Arvidsson.
16:29 of 2nd period - Shot Misses the Net.
17:24 of 2nd period - Slapshot by Jon Merrill.
17:24 of 2nd period - Shot Blocked by Brent Seabrook.
17:34 of 2nd period - Jordan Caron is hit by Tyler Johnson.
17:56 of 2nd period - Slapshot by Tobias Enstrom.
17:56 of 2nd period - Shot Blocked by Jean-Gabriel Pageau.
17:58 of 2nd period - Snap shot by Anthony Stewart.
17:58 of 2nd period - Deflect By Tyler Bozak.
17:58 of 2nd period - Shot Misses the Net.
17:58 of 2nd period - Puck is out of play.
17:59 of 2nd period - Tyler Bozak wins face-off versus Jean-Gabriel Pageau in Lightning zone.
18:00 of 2nd period - Wrist shot by Rostislav Olesz.
18:00 of 2nd period - Shot Misses the Net.
18:02 of 2nd period - Slapshot by Brandon Burlon.
18:02 of 2nd period - Stopped by Philipp Grubauer without a rebound.
18:03 of 2nd period - Tyler Johnson wins face-off versus Anthony Stewart in Lightning zone.
18:08 of 2nd period - Slapshot by Alex Goligoski.
18:08 of 2nd period - Shot Misses the Net.
18:10 of 2nd period - Slapshot by Joni Pitkanen.
18:10 of 2nd period - Goal by Joni Pitkanen - Devils : 1 - Lightning : 1.
18:11 of 2nd period - Tyler Johnson wins face-off versus Tyler Seguin in neutral zone.
18:22 of 2nd period - Slapshot by Tyler Johnson.
18:22 of 2nd period - Shot Misses the Net.
18:44 of 2nd period - Wrist shot by Jean-Gabriel Pageau.
18:44 of 2nd period - Goal by Jean-Gabriel Pageau - Devils : 1 - Lightning : 2.
18:45 of 2nd period - Tyler Seguin wins face-off versus Tyler Johnson in neutral zone.
18:50 of 2nd period - Joni Pitkanen is hit by Johnny Gaudreau.
18:57 of 2nd period - Off-side.
18:58 of 2nd period - Tyler Seguin wins face-off versus Tyler Johnson in neutral zone.
19:03 of 2nd period - Slapshot by Johnny Gaudreau.
19:03 of 2nd period - Goal by Johnny Gaudreau - Devils : 2 - Lightning : 2.
19:04 of 2nd period - Tyler Johnson wins face-off versus Tyler Seguin in neutral zone.
19:23 of 2nd period - Minor Penalty to Henrik Zetterberg for Holding.
19:24 of 2nd period - Tyler Seguin wins face-off versus Kris Versteeg in Lightning zone.
19:59 of 2nd period - Wrist shot by Riley Sheahan.
19:59 of 2nd period - Stopped by Philipp Grubauer without a rebound.
Goals for this period are 2 for Devils vs 2 for Lightning .
Shots for this period are 15 for Devils vs 9 for Lightning .
3rd period
0:01 of 3rd period - Tyler Seguin wins face-off versus Kris Versteeg in neutral zone.
0:07 of 3rd period - Slapshot by Travis Hamonic.
0:07 of 3rd period - Stopped by Philipp Grubauer with a rebound.
0:09 of 3rd period - Slapshot by Brady Skjei.
0:09 of 3rd period - Shot Blocked by Kris Versteeg.
0:11 of 3rd period - Snap shot by Johnny Gaudreau.
0:11 of 3rd period - Stopped by Philipp Grubauer with a rebound.
0:13 of 3rd period - Snap shot by Johnny Gaudreau.
0:13 of 3rd period - Shot Misses the Net.
0:15 of 3rd period - Slapshot by Travis Hamonic.
0:15 of 3rd period - Shot Blocked by Joni Pitkanen.
0:33 of 3rd period - Wrist shot by Riley Sheahan.
0:33 of 3rd period - Shot Misses the Net.
1:23 of 3rd period - Penalty to Henrik Zetterberg is over, Henrik Zetterberg is back on ice.
1:25 of 3rd period - Wrist shot by Henrik Zetterberg.
1:25 of 3rd period - Stopped by Keith Kinkaid with a rebound.
1:27 of 3rd period - Wrist shot by Kris Versteeg.
1:27 of 3rd period - Shot Misses the Net.
1:29 of 3rd period - Slapshot by Justin Schultz.
1:29 of 3rd period - Shot Misses the Net.
1:31 of 3rd period - Slapshot by Henrik Zetterberg.
1:31 of 3rd period - Shot Misses the Net.
1:36 of 3rd period - Minor Penalty to Brady Skjei for Interference.
1:37 of 3rd period - Riley Sheahan wins face-off versus Jean-Gabriel Pageau in Devils zone.
2:22 of 3rd period - Slapshot by Kellan Lain.
2:22 of 3rd period - Stopped by Philipp Grubauer without a rebound.
2:23 of 3rd period - Tyler Johnson wins face-off versus Kevin Porter in Lightning zone.
2:28 of 3rd period - Snap shot by Tyler Johnson.
2:28 of 3rd period - Shot Blocked by Kevin Porter.
2:30 of 3rd period - Slapshot by Ben Lovejoy.
2:30 of 3rd period - Shot Misses the Net.
2:51 of 3rd period - Travis Hamonic is hit by Tyler Johnson and loses puck.
3:36 of 3rd period - Penalty to Brady Skjei is over, Brady Skjei is back on ice.
3:36 of 3rd period - Tobias Enstrom is hit by Henrik Zetterberg and loses puck.
4:56 of 3rd period - Tyler Bozak is hit by Scottie Upshall.
5:11 of 3rd period - Icing by Tyler Seguin.
5:12 of 3rd period - Mark Scheifele wins face-off versus Kevin Porter in Devils zone.
5:19 of 3rd period - Snap shot by Mark Scheifele.
5:19 of 3rd period - Shot Misses the Net.
5:21 of 3rd period - Slapshot by Reilly Smith.
5:21 of 3rd period - Stopped by Keith Kinkaid with a rebound.
5:35 of 3rd period - Brandon Burlon is hit by Daniel Carcillo.
5:58 of 3rd period - Snap shot by Henrik Zetterberg.
5:58 of 3rd period - Stopped by Keith Kinkaid without a rebound.
5:59 of 3rd period - Tyler Johnson wins face-off versus Riley Sheahan in Devils zone.
6:24 of 3rd period - Slapshot by Patrick Kaleta.
6:24 of 3rd period - Shot Misses the Net.
6:26 of 3rd period - Wrist shot by Patrick Kaleta.
6:26 of 3rd period - Stopped by Keith Kinkaid with a rebound.
6:28 of 3rd period - Slapshot by Justin Schultz.
6:28 of 3rd period - Deflect By Jean-Gabriel Pageau.
6:28 of 3rd period - Shot Misses the Net.
6:28 of 3rd period - Puck is out of play.
6:29 of 3rd period - Tyler Johnson wins face-off versus Tyler Seguin in Devils zone.
6:32 of 3rd period - Slapshot by Kris Versteeg.
6:32 of 3rd period - Shot Misses the Net.
6:40 of 3rd period - Snap shot by Johnny Gaudreau.
6:40 of 3rd period - Deflect By Viktor Arvidsson.
6:40 of 3rd period - Shot Blocked by Kris Versteeg.
6:40 of 3rd period - Puck is out of play.
6:41 of 3rd period - Tyler Seguin wins face-off versus Tyler Johnson in Lightning zone.
6:44 of 3rd period - Wrist shot by Viktor Arvidsson.
6:44 of 3rd period - Shot Hit the Post.
7:13 of 3rd period - Wrist shot by Rostislav Olesz.
7:13 of 3rd period - Shot Blocked by Alex Goligoski.
7:15 of 3rd period - Snap shot by Marian Hossa.
7:15 of 3rd period - Shot Blocked by Jean-Gabriel Pageau.
7:17 of 3rd period - Slapshot by Travis Hamonic.
7:17 of 3rd period - Stopped by Philipp Grubauer without a rebound.
7:18 of 3rd period - Tyler Johnson wins face-off versus Riley Sheahan in Lightning zone.
7:25 of 3rd period - Wrist shot by Henrik Zetterberg.
7:25 of 3rd period - Stopped by Keith Kinkaid without a rebound.
7:26 of 3rd period - Tyler Johnson wins face-off versus Riley Sheahan in Devils zone.
7:27 of 3rd period - Snap shot by Henrik Zetterberg.
7:27 of 3rd period - Stopped by Keith Kinkaid with a rebound.
7:50 of 3rd period - Off-side.
7:51 of 3rd period - Tyler Seguin wins face-off versus Daniel Carcillo in neutral zone.
7:57 of 3rd period - Icing by Alex Goligoski.
7:58 of 3rd period - Tyler Seguin wins face-off versus Daniel Carcillo in Lightning zone.
7:59 of 3rd period - Snap shot by Johnny Gaudreau.
7:59 of 3rd period - Stopped by Philipp Grubauer without a rebound.
8:00 of 3rd period - Tyler Johnson wins face-off versus Tyler Seguin in Lightning zone.
8:43 of 3rd period - Minor Penalty to Marian Hossa for Hooking.
8:44 of 3rd period - Riley Sheahan wins face-off versus Tyler Johnson in Devils zone.
10:43 of 3rd period - Penalty to Marian Hossa is over, Marian Hossa is back on ice.
10:43 of 3rd period - Alex Goligoski is hit by Steve Montador and loses puck.
11:03 of 3rd period - Slapshot by Jaden Schwartz.
11:03 of 3rd period - Shot Blocked by Steve Montador.
11:05 of 3rd period - Slapshot by Jon Merrill.
11:05 of 3rd period - Deflect By Mark Scheifele.
11:05 of 3rd period - Goal by Mark Scheifele - Devils : 2 - Lightning : 3.
11:06 of 3rd period - Jean-Gabriel Pageau wins face-off versus Tyler Seguin in neutral zone.
11:09 of 3rd period - Tyler Seguin is hit by Daniel Carcillo and loses puck.
11:41 of 3rd period - Snap shot by Rostislav Olesz.
11:41 of 3rd period - Stopped by Philipp Grubauer without a rebound.
11:42 of 3rd period - Tyler Seguin wins face-off versus Tyler Johnson in Lightning zone.
11:55 of 3rd period - Snap shot by Johnny Gaudreau.
11:55 of 3rd period - Shot Blocked by Alex Goligoski.
11:57 of 3rd period - Wrist shot by Johnny Gaudreau.
11:57 of 3rd period - Goal by Johnny Gaudreau - Devils : 3 - Lightning : 3.
11:58 of 3rd period - Tyler Seguin wins face-off versus Tyler Johnson in neutral zone.
12:06 of 3rd period - Off-side.
12:07 of 3rd period - Tyler Seguin wins face-off versus Tyler Johnson in neutral zone.
12:14 of 3rd period - Snap shot by Kris Versteeg.
12:14 of 3rd period - Stopped by Keith Kinkaid without a rebound.
12:15 of 3rd period - Tyler Johnson wins face-off versus Tyler Seguin in Devils zone.
12:24 of 3rd period - Wrist shot by Kris Versteeg.
12:24 of 3rd period - Stopped by Keith Kinkaid without a rebound.
12:25 of 3rd period - Johnny Gaudreau wins face-off versus Tyler Johnson in Devils zone.
12:25 of 3rd period - Johnny Gaudreau is hit by Tyler Johnson.
12:48 of 3rd period - Wrist shot by Henrik Zetterberg.
12:48 of 3rd period - Shot Misses the Net.
12:50 of 3rd period - Slapshot by Joni Pitkanen.
12:50 of 3rd period - Stopped by Keith Kinkaid with a rebound.
12:52 of 3rd period - Slapshot by Joni Pitkanen.
12:52 of 3rd period - Stopped by Keith Kinkaid without a rebound.
12:53 of 3rd period - Riley Sheahan wins face-off versus Jean-Gabriel Pageau in Devils zone.
13:29 of 3rd period - Wrist shot by Jaden Schwartz.
13:29 of 3rd period - Shot Blocked by Kevin Porter.
13:44 of 3rd period - Tyler Johnson is hit by Brent Seabrook and loses puck.
14:03 of 3rd period - Slapshot by Daniel Carcillo.
14:03 of 3rd period - Shot Blocked by Marian Hossa.
14:05 of 3rd period - Slapshot by Alex Goligoski.
14:05 of 3rd period - Shot Blocked by Brandon Burlon.
14:07 of 3rd period - Snap shot by Joni Pitkanen.
14:07 of 3rd period - Stopped by Keith Kinkaid with a rebound.
14:18 of 3rd period - Off-side.
14:19 of 3rd period - Tyler Bozak wins face-off versus Mark Scheifele in neutral zone.
14:26 of 3rd period - Snap shot by Tyler Bozak.
14:26 of 3rd period - Shot Misses the Net.
14:28 of 3rd period - Slapshot by Tyler Bozak.
14:28 of 3rd period - Stopped by Philipp Grubauer with a rebound.
14:30 of 3rd period - Snap shot by Tyler Bozak.
14:30 of 3rd period - Shot Blocked by Brendan Bell.
14:32 of 3rd period - Snap shot by Tobias Enstrom.
14:32 of 3rd period - Deflect By Tyler Bozak.
14:32 of 3rd period - Stopped by Philipp Grubauer with a rebound.
15:12 of 3rd period - Wrist shot by Daniel Carcillo.
15:12 of 3rd period - Shot Misses the Net.
15:22 of 3rd period - Wrist shot by Jaden Schwartz.
15:22 of 3rd period - Deflect By Mark Scheifele.
15:22 of 3rd period - Goal by Mark Scheifele - Devils : 3 - Lightning : 4.
15:23 of 3rd period - Kevin Porter wins face-off versus Kris Versteeg in neutral zone.
15:48 of 3rd period - Daniel Carcillo is hit by Johnny Gaudreau and loses puck.
16:14 of 3rd period - Brandon Burlon is hit by Mark Scheifele and loses puck.
16:25 of 3rd period - Snap shot by Riley Sheahan.
16:25 of 3rd period - Deflect By Rostislav Olesz.
16:25 of 3rd period - Shot Misses the Net.
16:25 of 3rd period - Puck is out of play.
16:26 of 3rd period - Scottie Upshall wins face-off versus Kevin Porter in Lightning zone.
16:26 of 3rd period - Scottie Upshall is hit by Brent Seabrook.
16:29 of 3rd period - Icing by Joni Pitkanen.
16:30 of 3rd period - Kevin Porter wins face-off versus Kris Versteeg in Lightning zone.
16:49 of 3rd period - Joni Pitkanen is hit by Kevin Porter.
17:03 of 3rd period - Wrist shot by Mark Scheifele.
17:03 of 3rd period - Shot Blocked by Jordan Caron.
17:34 of 3rd period - Slapshot by Johnny Gaudreau.
17:34 of 3rd period - Shot Misses the Net.
17:44 of 3rd period - Brady Skjei is hit by Kris Versteeg and loses puck.
17:53 of 3rd period - Wrist shot by Henrik Zetterberg.
17:53 of 3rd period - Shot Misses the Net.
17:55 of 3rd period - Wrist shot by Tyler Johnson.
17:55 of 3rd period - Shot Misses the Net.
18:05 of 3rd period - Patrick Kaleta is hit by Brady Skjei and loses puck.
18:52 of 3rd period - Snap shot by Henrik Zetterberg.
18:52 of 3rd period - Shot Blocked by Anthony Stewart.
18:54 of 3rd period - Slapshot by Jon Merrill.
18:54 of 3rd period - Shot Misses the Net.
18:56 of 3rd period - Wrist shot by Joni Pitkanen.
18:56 of 3rd period - Shot Misses the Net.
18:58 of 3rd period - Wrist shot by Henrik Zetterberg.
18:58 of 3rd period - Shot Blocked by Steve Montador.
19:10 of 3rd period - Wrist shot by Kris Versteeg.
19:10 of 3rd period - Shot Misses the Net.
19:12 of 3rd period - Wrist shot by Kris Versteeg.
19:12 of 3rd period - Stopped by Keith Kinkaid with a rebound.
19:14 of 3rd period - Slapshot by Kris Versteeg.
19:14 of 3rd period - Stopped by Keith Kinkaid without a rebound.
19:15 of 3rd period - Jacques Lemaire call a timeout for Devils.
19:15 of 3rd period - Tyler Seguin wins face-off versus Tyler Johnson in Devils zone.
19:15 of 3rd period - Tyler Seguin is hit by Joni Pitkanen.
19:29 of 3rd period - Devils, Keith Kinkaid is pulled from the net.
19:48 of 3rd period - Slapshot by Tyler Seguin.
19:48 of 3rd period - Shot Misses the Net.
19:50 of 3rd period - Snap shot by Viktor Arvidsson.
19:50 of 3rd period - Shot Misses the Net.
19:52 of 3rd period - Snap shot by Travis Hamonic.
19:52 of 3rd period - Shot Blocked by Tyler Johnson.
19:52 of 3rd period - Tyler Johnson from Lightning is injured at 19:52 of 3rd period (Right Hip).
19:53 of 3rd period - Tyler Seguin wins face-off versus Jesper Fast in Lightning zone.
Goals for this period are 1 for Devils vs 2 for Lightning .
Shots for this period are 9 for Devils vs 15 for Lightning .
Back to the Top